 Dungeon Crawl Stone Soup version 0.18.1-48-g4cf74bf (webtiles) character file.

111 tyranidshit the Skirmisher (level 4, 0/39 HPs)
             Began as a Demonspawn Abyssal Knight on Sept 11, 2016.
             Was a Believer of Lugonu.
             Succumbed to Robin's poison
             ... on level 3 of the Dungeon.
             The game lasted 00:03:43 (1310 turns).

tyranidshit the Skirmisher (DsAK)                   Turns: 1310, Time: 00:03:44

Health: 0/39       AC: 10    Str: 13    XL:     4   Next: 62%
Magic:  2/5        EV:  6    Int: 13    God:    Lugonu [**....]
Gold:   127        SH:  0    Dex: 13    Spells: 0 memorised, 3 levels left

rFire  . . .     SeeInvis .     a - +1 hand axe
rCold  . . .     Gourm    .     d - +3 chain mail of Limitation {Slay+2}
rNeg   . . .     Faith    .     (no shield)
rPois  .         Spirit   +     j - +0 helmet
rElec  .         Dismiss  .     (no cloak)
rCorr  .         Reflect  .     (no gloves)
SustAt .         Harm     .     (no boots)
MR     .....                    (no amulet)
Stlth  ..........               (no ring)
                                (no ring)

@: lethally poisoned (0 -> -7), not resistant to hostile enchantments, extremely
unstealthy
A: talons 1, molten scales 1, deformed body, shaggy fur 1, magic shield
a: Depart the Abyss, Bend Space, Renounce Religion


You were on level 3 of the Dungeon.
You worshipped Lugonu.
Lugonu was pleased with you.
You were not hungry.

You visited 1 branch of the dungeon, and saw 3 of its levels.
You visited the Abyss 1 time.

You collected 127 gold pieces.

Inventory:

Hand Weapons
 a - a +1 hand axe (weapon)
Missiles
 o - a throwing net (quivered)
Armour
 b - a +0 leather armour
 d - the +3 chain mail of Limitation (worn) {Slay+2}
   (You found it on level 2 of the Abyss)

   It affects your accuracy and damage with ranged weapons and melee attacks
   (+2).
 j - a +0 helmet (worn)
Scrolls
 q - a scroll of recharging
Potions
 e - a potion of agility
Comestibles
 f - 2 fruits
 h - a beef jerky
 m - a meat ration


   Skills:
 + Level 5.4 Fighting
 - Level 1.8 Axes
 - Level 1.8 Armour
 - Level 0.8 Dodging
 - Level 2.4 Invocations


You had 3 spell levels left.
You didn't know any spells.

Dungeon Overview and Level Annotations

Branches:
Dungeon (3/15)

Altars:
Makhleb
Ru
Trog
Xom


Innate Abilities, Weirdness & Mutations

You are partially covered in molten scales (AC +1).
When hurt, damage is shared between your health and your magic reserves.
You have sharp toenails.
Armour fits poorly on your strangely shaped body.
You are covered in fur (AC +1).


Message History

You feel sick.
The goblin hits you but does no damage. x2
Your chain mail of Limitation prevents you from hitting the goblin.
Your kick misses the goblin.
* * * LOW HITPOINT WARNING * * *
You feel sick. The goblin closely misses you.
You hit the goblin but do no damage.
* * * LOW HITPOINT WARNING * * *
You feel sick. The goblin hits you but does no damage.
Unknown command.
You hit the goblin.
You kill the goblin!
Lugonu accepts your kill.
* * * LOW HITPOINT WARNING * * *
You feel sick.
* * * LOW HITPOINT WARNING * * *
You feel sick.
There is an escape hatch in the floor here.
Things that are here:
a club; a goblin corpse You die...

### ..
#.## ...#
###...####
#.........
#)))......
#@<).=..#
###)...##
....#
###.# #


There were no monsters in sight!

Vanquished Creatures
  Robin (D:3)
  4 adders (D:2)
  A worm (D:2)
  3 dart slugs
  4 bats
  A giant cockroach (D:1)
  12 goblins
  10 hobgoblins
  3 jackals (D:2)
  2 quokkas
  2 giant newts
  3 kobolds
  7 rats
53 creatures vanquished.

Notes
Turn   | Place    | Note
--------------------------------------------------------------
     0 | Abyss:1  | tyranidshit the Demonspawn Abyssal Knight began the quest for the Orb.
     0 | Abyss:1  | Reached XP level 1. HP: 18/18 MP: 2/2
   137 | Abyss:2  | Got a steaming chain mail
   145 | Abyss:2  | Noticed a rakshasa
   150 | Abyss:2  | Noticed an ancient zyme
   151 | D:1      | Escaped the Abyss
   157 | D:1      | Identified the +3 chain mail of Limitation {Slay+2} (You found it on level 2 of the Abyss)
   256 | D:1      | Gained mutation: When hurt, damage is shared between your health and your magic reserves. [demonic ancestry]
   256 | D:1      | Reached XP level 2. HP: 24/24 MP: 3/3
   281 | D:1      | Reached * piety under Lugonu
   633 | D:2      | Reached skill level 4 in Fighting
   664 | D:2      | Reached XP level 3. HP: 29/30 MP: 4/4
   919 | D:2      | Found a bloodstained altar of Trog.
   934 | D:2      | Reached ** piety under Lugonu
  1025 | D:2      | Gained mutation: You are partially covered in molten scales (AC +1). [demonic ancestry]
  1025 | D:2      | Reached XP level 4. HP: 22/38 MP: 2/5
  1108 | D:2      | Reached skill level 5 in Fighting
  1262 | D:2      | Found a burning altar of Makhleb.
  1262 | D:2      | Found a shimmering altar of Xom.
  1262 | D:2      | Found a sacrificial altar of Ru.
  1266 | D:2      | Gained mutation: You have sharp toenails. [potion of mutation]
  1266 | D:2      | Gained mutation: Armour fits poorly on your strangely shaped body. [potion of mutation]
  1266 | D:2      | Gained mutation: You are covered in fur (AC +1). [potion of mutation]
  1295 | D:3      | Noticed Robin
  1301 | D:3      | Killed Robin
  1309 | D:3      | HP: 1/39 [poisoned by Robin]
  1310 | D:3      | Succumbed to Robin's poison

Skill      XL: |  1  2  3  4 |
---------------+-------------+-----
Fighting       | 4 5 |  5.4
Axes           | |  1.8
Armour         | |  1.8
Dodging        | |  0.8
Invocations    | |  2.4

Action                   |  1- 3 |  4- 6 || total
-------------------------+-------+-------++-------
Melee: Hand axe          |   112 |    15 ||   127
       Kick              |       |     1 ||     1
Invok: Depart the Abyss  |     1 |       ||     1
  Use: Scroll            |     1 |     7 ||     8
       Potion            |     1 |     3 ||     4
  Eat: Bread ration      |       |     1 ||     1
Armor: Chain mail        |    73 |    22 ||    95
Dodge: Dodged            |    38 |    12 ||    50
